TOP OF THE 1ST |
Creighton Blue Jays batting - Pitching for Oregon Ducks : LHP Scott Jackson
|
Pitching: LHP Scott Jackson
|
|
Batting: LHB Marcos Torres
|
0-0: Ball 1-0: Ball 2-0: Called Strike 2-1: Fly out, F6 (Popup, 6S)
|
Batting: RHB Jaime Aguirre
|
0-0: Ball 1-0: Ground out 4-3 (Groundball, 4)
|
Batting: LHB Brady Phillips
|
0-0: Called Strike 0-1: Ground out 6-3 (Groundball, 6M)
|
Top of the 1st over - 0 run(s), 0 hit(s), 0 error(s), 0 left on base; Creighton 0 - Oregon 0 |
BOTTOM OF THE 1ST |
Oregon Ducks batting - Pitching for Creighton Blue Jays : RHP Tim Murray
|
Pitching: RHP Tim Murray
|
|
Batting: LHB Peter Rodgers
|
0-0: Ball 1-0: Foul Ball, location: 2F 1-1: Ball 2-1: Fly out, F1 (Popup, 13)
|
Batting: RHB Sean Smith
|
0-0: Ball 1-0: Swinging Strike 1-1: Called Strike 1-2: Ball 2-2: Ball 3-2: Ground out 6-3 (Groundball, 6)
|
Batting: RHB Jason Wheeler
|
0-0: Called Strike 0-1: Ball 1-1: Ball 2-1: Swinging Strike 2-2: Strikes out looking
|
Bottom of the 1st over - 0 run(s), 0 hit(s), 0 error(s), 0 left on base; Creighton 0 - Oregon 0 |
TOP OF THE 2ND |
Creighton Blue Jays batting - Pitching for Oregon Ducks : LHP Scott Jackson
|
Batting: RHB Matt Cole
|
0-0: Ball 1-0: Ball 2-0: SINGLE (Groundball, 56S) (infield hit)
|
Batting: LHB Pedro Oropesa
|
0-0: Ball 1-0: Ball 2-0: Called Strike 2-1: Swinging Strike 2-2: Strikes out looking
|
Batting: RHB Gabriel Santana
|
0-0: Foul Ball, location: 2F 0-1: Ball 1-1: Swinging Strike 1-2: Foul Ball, location: 2F 1-2: Ball 2-2: Fly out, F8 (Flyball, 78XD)
|
Batting: LHB Steve Edwards
|
0-0: Called Strike 0-1: Called Strike 0-2: Ball 1-2: Strikes out swinging
|
Top of the 2nd over - 0 run(s), 1 hit(s), 0 error(s), 1 left on base; Creighton 0 - Oregon 0 |
BOTTOM OF THE 2ND |
Oregon Ducks batting - Pitching for Creighton Blue Jays : RHP Tim Murray
|
Batting: RHB Michael Heller
|
0-0: Swinging Strike 0-1: Ball 1-1: Foul Ball, location: 2F 1-2: Strikes out swinging
|
Batting: LHB Jerry López
|
0-0: Called Strike 0-1: Swinging Strike 0-2: Ball 1-2: Strikes out looking
|
Batting: RHB José Vega
|
0-0: Ball 1-0: Fly out, F7 (Flyball, 7LSF)
|
Bottom of the 2nd over - 0 run(s), 0 hit(s), 0 error(s), 0 left on base; Creighton 0 - Oregon 0 |
TOP OF THE 3RD |
Creighton Blue Jays batting - Pitching for Oregon Ducks : LHP Scott Jackson
|
Batting: LHB Raúl Hernández
|
0-0: Ball 1-0: Foul Ball, location: 2F 1-1: Called Strike 1-2: Ball 2-2: Foul Ball, location: 2F 2-2: Strikes out swinging
|
Batting: RHB Michael Carr
|
0-0: Ball 1-0: Ball 2-0: Foul Ball, location: 2F 2-1: Ball 3-1: Foul Ball, location: 2F 3-2: Base on Balls
|
Batting: LHB Marcos Torres
|
0-0: Swinging Strike 0-1: Ball 1-1: Foul Ball, location: 2F 1-2: Ball 2-2: Ground out 6-3 (Groundball, 6) Michael Carr to second
|
Batting: RHB Jaime Aguirre
|
0-0: Ball 1-0: Swinging Strike 1-1: Ball 2-1: Ball 3-1: Swinging Strike 3-2: Base on Balls
|
Batting: LHB Brady Phillips
|
0-0: Called Strike 0-1: Called Strike 0-2: Ball 1-2: Foul Ball, location: 2F 1-2: Strikes out swinging
|
Top of the 3rd over - 0 run(s), 0 hit(s), 0 error(s), 2 left on base; Creighton 0 - Oregon 0 |
BOTTOM OF THE 3RD |
Oregon Ducks batting - Pitching for Creighton Blue Jays : RHP Tim Murray
|
Batting: RHB Sergio López
|
0-0: Swinging Strike 0-1: Foul Ball, location: 2F 0-2: Strikes out swinging
|
Batting: RHB Ben Donnelly
|
0-0: Ball 1-0: Swinging Strike 1-1: Called Strike 1-2: SINGLE (Line Drive, 6MD)
|
Batting: RHB Tim Smith
|
0-0: Fly out, F7 (Flyball, 78S)
|
Batting: LHB Peter Rodgers
|
0-0: SINGLE (Line Drive, 6M) Ben Donnelly to second
|
Batting: RHB Sean Smith
|
0-0: Fielders Choice at 2nd, 5-4 (Groundball, 5)
|
Bottom of the 3rd over - 0 run(s), 2 hit(s), 0 error(s), 1 left on base; Creighton 0 - Oregon 0 |
TOP OF THE 4TH |
Creighton Blue Jays batting - Pitching for Oregon Ducks : LHP Scott Jackson
|
Batting: RHB Matt Cole
|
0-0: Swinging Strike 0-1: Ball 1-1: Foul Ball, location: 2F 1-2: Ball 2-2: Strikes out swinging
|
Batting: LHB Pedro Oropesa
|
0-0: Ball 1-0: Foul Ball, location: 2F 1-1: Ball 2-1: Ball 3-1: Fly out, F7 (Flyball, 78S)
|
Batting: RHB Gabriel Santana
|
0-0: Ball 1-0: Foul Ball, location: 2F 1-1: SINGLE (Groundball, 56D)
|
Batting: LHB Steve Edwards
|
0-0: Ball 1-0: Ball 2-0: Foul Ball, location: 2F 2-1: Ball 3-1: Fly out, F9 (Flyball, 89M)
|
Top of the 4th over - 0 run(s), 1 hit(s), 0 error(s), 1 left on base; Creighton 0 - Oregon 0 |
BOTTOM OF THE 4TH |
Oregon Ducks batting - Pitching for Creighton Blue Jays : RHP Tim Murray
|
Batting: RHB Jason Wheeler
|
0-0: Ball 1-0: Ball 2-0: SINGLE (Groundball, 3S) (infield hit)
|
Batting: RHB Michael Heller
|
0-0: Foul Ball, location: 2F 0-1: Ball 1-1: Ball 2-1: Ball 3-1: Base on Balls Jason Wheeler to second
|
Batting: LHB Jerry López
|
0-0: Foul Ball, location: 2F 0-1: Ball 1-1: Ball 2-1: Foul Ball, location: 2F 2-2: Strikes out swinging
|
Batting: RHB José Vega
|
0-0: Ball 1-0: Called Strike 1-1: Foul Ball, location: 2F 1-2: Foul Ball, location: 2F 1-2: SINGLE (Groundball, 56D) Jason Wheeler to third Michael Heller to second
|
Batting: RHB Sergio López
|
0-0: Swinging Strike 0-1: Ball 1-1: Foul Ball, location: 2F 1-2: Strikes out swinging
|
Batting: RHB Ben Donnelly
|
0-0: Called Strike 0-1: Ball 1-1: Fly out, F9 (Flyball, 89M)
|
Bottom of the 4th over - 0 run(s), 2 hit(s), 0 error(s), 3 left on base; Creighton 0 - Oregon 0 |
TOP OF THE 5TH |
Creighton Blue Jays batting - Pitching for Oregon Ducks : LHP Scott Jackson
|
Batting: LHB Raúl Hernández
|
0-0: Called Strike 0-1: Ball 1-1: Ball 2-1: Ball 3-1: Swinging Strike 3-2: Fly out, F7 (Flyball, 7S)
|
Batting: RHB Michael Carr
|
0-0: SINGLE (Groundball, 6D)
|
Pitching: RHP Dave Bryant
|
|
Batting: LHB Marcos Torres
|
0-0: Called Strike Michael Carr steals 2nd base 0-1: Foul Ball, location: 2F 0-2: Foul Ball, location: 2F 0-2: Fly out, F8 (Flyball, 8RM)
|
Batting: RHB Jaime Aguirre
|
0-0: Swinging Strike 0-1: Ball 1-1: Ball 2-1: Ball 3-1: Fly out, F5 (Line Drive, 5S)
|
Top of the 5th over - 0 run(s), 1 hit(s), 0 error(s), 1 left on base; Creighton 0 - Oregon 0 |
BOTTOM OF THE 5TH |
Oregon Ducks batting - Pitching for Creighton Blue Jays : RHP Tim Murray
|
Batting: RHB Tim Smith
|
0-0: Fly out, F7 (Flyball, 7)
|
Batting: LHB Peter Rodgers
|
0-0: Reached on error, E5 (Groundball, 5)
|
Batting: RHB Sean Smith
|
0-0: Intentional Walk
|
Batting: RHB Jason Wheeler
|
0-0: Called Strike 0-1: Fielders Choice at 2nd, 6-4 (Groundball, 6) Peter Rodgers to third
|
Batting: RHB Michael Heller
|
0-0: Ball 1-0: Called Strike 1-1: Ball 2-1: Ball 3-1: Reached on error, E4 (Groundball, 4) Peter Rodgers scores Jason Wheeler to second
|
Batting: LHB Jerry López
|
0-0: 3-RUN HOME RUN (Flyball, 9D), Distance : 352 ft
|
Batting: RHB José Vega
|
0-0: Called Strike 0-1: Called Strike 0-2: Fly out, F7 (Flyball, 78M)
|
Bottom of the 5th over - 4 run(s), 1 hit(s), 2 error(s), 0 left on base; Creighton 0 - Oregon 4 |
TOP OF THE 6TH |
Creighton Blue Jays batting - Pitching for Oregon Ducks : RHP Dave Bryant
|
Batting: LHB Brady Phillips
|
0-0: Called Strike 0-1: SINGLE (Line Drive, 9LS)
|
Batting: RHB Matt Cole
|
0-0: Fly out, F7 (Flyball, 7)
|
Batting: LHB Pedro Oropesa
|
0-0: Called Strike 0-1: Ball 1-1: Called Strike 1-2: Ball 2-2: Foul Ball, location: 2F 2-2: Ball 3-2: Foul Ball, location: 2F 3-2: Base on Balls Brady Phillips to second
|
Batting: RHB Gabriel Santana
|
0-0: Called Strike 0-1: Foul Ball, location: 2F 0-2: Ball 1-2: Strikes out swinging
|
Batting: LHB Steve Edwards
|
0-0: Foul Ball, location: 2F 0-1: Ball 1-1: Ball 2-1: Ball 3-1: Fly out, F8 (Flyball, 8LM)
|
Top of the 6th over - 0 run(s), 1 hit(s), 0 error(s), 2 left on base; Creighton 0 - Oregon 4 |
BOTTOM OF THE 6TH |
Oregon Ducks batting - Pitching for Creighton Blue Jays : RHP Tim Murray
|
Batting: RHB Sergio López
|
0-0: Ground out 4-3 (Groundball, 4)
|
Batting: RHB Ben Donnelly
|
0-0: Ball 1-0: Foul Ball, location: 2F 1-1: Called Strike 1-2: Foul Ball, location: 2F 1-2: Ball 2-2: Ball 3-2: Fly out, F5 (Line Drive, 56)
|
Batting: RHB Tim Smith
|
0-0: Ball 1-0: Ball 2-0: SINGLE (Groundball, 6MD)
|
Pitching: RHP Phillip Greene
|
|
Batting: LHB Peter Rodgers
|
0-0: Called Strike 0-1: Ball 1-1: Called Strike 1-2: Strikes out swinging
|
Bottom of the 6th over - 0 run(s), 1 hit(s), 0 error(s), 1 left on base; Creighton 0 - Oregon 4 |
TOP OF THE 7TH |
Creighton Blue Jays batting - Pitching for Oregon Ducks : RHP Dave Bryant
|
Batting: LHB Raúl Hernández
|
0-0: Swinging Strike 0-1: Ball 1-1: Ball 2-1: Swinging Strike 2-2: Foul Ball, location: 2F 2-2: Foul Ball, location: 2F 2-2: Ground out U3 (Groundball, 34S)
|
Batting: RHB Michael Carr
|
0-0: Called Strike 0-1: Foul Ball, location: 2F 0-2: Ball 1-2: Foul Ball, location: 2F 1-2: SINGLE (Line Drive, 78M)
|
Batting: LHB Marcos Torres
|
0-0: Ball 1-0: Called Strike Michael Carr steals 2nd base 1-1: Called Strike 1-2: Strikes out swinging
|
Batting: RHB Jaime Aguirre
|
0-0: Called Strike 0-1: Called Strike 0-2: Ball 1-2: Ball 2-2: Foul Ball, location: 2F 2-2: Ball 3-2: Fly out, F9 (Flyball, 9S)
|
Top of the 7th over - 0 run(s), 1 hit(s), 0 error(s), 1 left on base; Creighton 0 - Oregon 4 |
BOTTOM OF THE 7TH |
Oregon Ducks batting - Pitching for Creighton Blue Jays : RHP Phillip Greene
|
Batting: RHB Sean Smith
|
0-0: Called Strike 0-1: Ball 1-1: Ball 2-1: SINGLE (Groundball, 4MD)
|
Batting: RHB Jason Wheeler
|
0-0: Called Strike 0-1: Foul Ball, location: 2F 0-2: Foul Ball, location: 2F 0-2: Foul Ball, location: 2F 0-2: Ball 1-2: Strikes out swinging
|
Batting: RHB Michael Heller
|
0-0: Called Strike Sean Smith steals 2nd base 0-1: Swinging Strike 0-2: Ball 1-2: Foul Ball, location: 2F 1-2: Foul Ball, location: 2F 1-2: Ground out 6-3 (Groundball, 6)
|
Batting: LHB Jerry López
|
0-0: Ball 1-0: Ball 2-0: Foul Ball, location: 2F 2-1: Ball 3-1: DOUBLE (Line Drive, 78D) Sean Smith scores
|
Batting: RHB José Vega
|
0-0: Called Strike 0-1: Swinging Strike 0-2: Ball 1-2: Strikes out swinging, 2-3 out at first.
|
Bottom of the 7th over - 1 run(s), 2 hit(s), 0 error(s), 1 left on base; Creighton 0 - Oregon 5 |
TOP OF THE 8TH |
Creighton Blue Jays batting - Pitching for Oregon Ducks : RHP Dave Bryant
|
Pitching: RHP Brian Goodwin
|
|
Batting: LHB Brady Phillips
|
0-0: Ball 1-0: SINGLE (Flyball, 7LS)
|
Batting: RHB Matt Cole
|
0-0: Ball 1-0: Swinging Strike 1-1: Called Strike 1-2: Strikes out swinging
|
Batting: LHB Pedro Oropesa
|
0-0: Foul Ball, location: 2F 0-1: Swinging Strike 0-2: Strikes out swinging
|
Batting: RHB Gabriel Santana
|
0-0: Foul Ball, location: 2F 0-1: DOUBLE (Line Drive, 89M) Brady Phillips to third
|
Pitching: RHP Roy Wellon
|
|
Batting: LHB Steve Edwards
|
0-0: Called Strike 0-1: Ground out 5-3 (Groundball, 56)
|
Top of the 8th over - 0 run(s), 2 hit(s), 0 error(s), 2 left on base; Creighton 0 - Oregon 5 |
BOTTOM OF THE 8TH |
Oregon Ducks batting - Pitching for Creighton Blue Jays : RHP Phillip Greene
|
Batting: RHB Sergio López
|
0-0: Ball 1-0: Called Strike 1-1: Ball 2-1: Swinging Strike 2-2: Ball 3-2: Foul Ball, location: 2F 3-2: Foul Ball, location: 2F 3-2: Strikes out swinging
|
Batting: RHB Ben Donnelly
|
0-0: Ball 1-0: Swinging Strike 1-1: Foul Ball, location: 2F 1-2: Strikes out looking
|
Batting: RHB Tim Smith
|
0-0: Called Strike 0-1: Ball 1-1: Called Strike 1-2: Strikes out swinging
|
Bottom of the 8th over - 0 run(s), 0 hit(s), 0 error(s), 0 left on base; Creighton 0 - Oregon 5 |
TOP OF THE 9TH |
Creighton Blue Jays batting - Pitching for Oregon Ducks : RHP Roy Wellon
|
Batting: LHB Raúl Hernández
|
0-0: Swinging Strike 0-1: Ball 1-1: Ball 2-1: Called Strike 2-2: Ball 3-2: Strikes out looking
|
Batting: RHB Michael Carr
|
0-0: SINGLE (Groundball, 34D)
|
Batting: LHB Marcos Torres
|
0-0: Foul Ball, location: 2F 0-1: Ball 1-1: Ball 2-1: Called Strike 2-2: Foul Ball, location: 2F 2-2: Ball 3-2: Grounds into double play, 4-6-3 (Groundball, 4)
|
Top of the 9th over - 0 run(s), 1 hit(s), 0 error(s), 0 left on base; Creighton 0 - Oregon 5 |
|